 Dungeon Crawl Stone Soup version 0.30-a0-358-g0d69a1922f (webtiles) character file.

Game seed: 1362376396008776993

375 porpoise the Slasher (level 6, -2/49 HPs)
             Began as a Demonspawn Monk on Nov 11, 2022.
             Succumbed to a water moccasin's poison
             ... on level 5 of the Dungeon.
             The game lasted 00:12:20 (3681 turns).

porpoise the Slasher (Demonspawn Monk)              Turns: 3681, Time: 00:12:21

Health: -2/49      AC:  8    Str: 12    XL:     6   Next: 44%
Magic:  6/6        EV: 11    Int: 11    God:
Gold:   293        SH:  0    Dex: 17    Spells: 5/5 levels left

rFire   . . .      SeeInvis .    a - +0 falchion
rCold   . . .      Faith    .    (no shield)
rNeg    . . .      Spirit   .    g - +0 ring mail
rPois   .          Reflect  .    (helmet restricted)
rElec   .          Harm     .    (no cloak)
rCorr   .          Rampage  .    (no gloves)
Will    .....                    u - +2 pair of boots
Stlth   +.........               h - amulet of the acrobat
HPRegen 0.28/turn                (no ring)
MPRegen 0.10/turn                (no ring)

@: mighty, lethally poisoned (-2 -> -13)
A: antennae 1, demonic magic 2
a: no special abilities


You were on level 5 of the Dungeon.
You visited 1 branch of the dungeon, and saw 5 of its levels.

You collected 293 gold pieces.

Inventory:

Hand Weapons
 a - a +0 falchion (weapon)
 b - a +0 sling
Missiles
 d - 2 atropa-tipped darts
 p - 3 poisoned darts (quivered)
Armour
 g - a +0 ring mail (worn)
 u - a +2 pair of boots (worn)
Magical Staves
 x - a staff of poison
Jewellery
 h - an amulet of the acrobat (around neck)
Scrolls
 c - a scroll of magic mapping {unknown}
 e - 5 scrolls of teleportation {unknown}
 i - a scroll of blinking {unknown}
 k - 3 scrolls of identify {unknown}
 l - a scroll of vulnerability {unknown}
 m - a scroll of amnesia {unknown}
 n - a scroll of enchant weapon {unknown}
 t - a scroll of acquirement {unknown}
Potions
 f - a potion of invisibility {unknown}
 o - a potion of attraction {unknown}
 q - a potion of haste {unknown}
 r - a potion of might
 s - a potion of magic
 v - a potion of resistance {unknown}
 w - 2 potions of flight {unknown}


   Skills:
 + Level 4.7 Fighting
 * Level 5.7 Long Blades
 - Level 0.4 Armour
 - Level 2.6 Dodging
 - Level 1.7 Stealth


You had 5 spell levels left.
You didn't know any spells.
Your spell library was empty.

Dungeon Overview and Level Annotations

Branches:
Dungeon (5/15)
 Temple: D:4-7

Altars:


Innate Abilities, Weirdness & Mutations

You have a pair of small antennae on your head.
Spells you cast may paralyse nearby enemies.


Message History

You closely miss the water moccasin.
The water moccasin is severely wounded.
The water moccasin bites you but does no damage.
You closely miss the water moccasin.
The water moccasin is severely wounded.
The water moccasin bites you.
* * * LOW HITPOINT WARNING * * *
The water moccasin bites you.
* * * LOW HITPOINT WARNING * * *
You feel better. The water moccasin bites you.
* * * LOW HITPOINT WARNING * * *
You are lethally poisoned!
The water moccasin poisons you!
You feel better. The water moccasin bites you.
* * * LOW HITPOINT WARNING * * *
You are poisoned.
The water moccasin poisons you! The water moccasin bites you.
* * * LOW HITPOINT WARNING * * *
You hit the water moccasin.
The water moccasin is severely wounded.
* * * LOW HITPOINT WARNING * * *
You feel very sick. The water moccasin closely misses you.
You barely miss the water moccasin.
The water moccasin is severely wounded.
* * * LOW HITPOINT WARNING * * *
You feel sick. The water moccasin bites you.
* * * LOW HITPOINT WARNING * * *
You are more poisoned.
The water moccasin poisons you!
The water moccasin bites you but does no damage.
You hit the water moccasin.
The water moccasin is almost dead.
* * * LOW HITPOINT WARNING * * *
You feel very sick.
The water moccasin bites you but does no damage.
Unknown command.
It was a potion of might.
You feel very mighty all of a sudden.
You die...

+................
##.......######
##.#.##.#
#.#.##.# #......#
###.#### #.#
#.###########.#
#(...S@.......#
#...#.##.#######
#....<.##.#
..[.....##.#
####.#####.# #.
#.# # ..# ###


You could see a water moccasin.

Vanquished Creatures
  Grinder (D:3)
  A gnoll bouda (D:5)
  3 gnolls
  3 adders
  2 worms
  2 dart slugs
  An orc (D:3)
  4 ball pythons
  7 bats
  5 endoplasms
  7 giant cockroaches
  8 goblins
  14 hobgoblins
  2 jackals (D:2)
  9 kobolds
  2 quokkas
  4 frilled lizards
  6 rats
81 creatures vanquished.

Notes
Turn   | Place    | Note
-------+----------+-------------------------------------------
     0 | D:1      | porpoise the Demonspawn Monk began the quest for the Orb.
     0 | D:1      | Reached XP level 1. HP: 18/18 MP: 1/1
    90 | D:1      | Reached skill level 3 in Long Blades
   196 | D:1      | Gained mutation: Spells you cast may paralyse adjacent
                  | enemies. [demonic ancestry]
   196 | D:1      | Reached XP level 2. HP: 23/24 MP: 2/2
   710 | D:2      | Reached XP level 3. HP: 26/29 MP: 3/3
  1374 | D:2      | Reached skill level 4 in Long Blades
  1374 | D:2      | Gained mutation: Spells you cast may paralyse nearby
                  | enemies. [demonic ancestry]
  1374 | D:2      | Reached XP level 4. HP: 35/35 MP: 4/4
  1981 | D:3      | Noticed Grinder
  2003 | D:3      | Paralysed by Grinder for 5 turns
  2011 | D:3      | Paralysed by Grinder for 4 turns
  2016 | D:3      | Paralysed by Grinder for 5 turns
  2022 | D:3      | Killed Grinder
  2023 | D:3      | Reached skill level 5 in Long Blades
  2023 | D:3      | Gained mutation: You have a pair of small antennae on your
                  | head. [demonic ancestry]
  2023 | D:3      | Reached XP level 5. HP: 12/43 MP: 5/5
  2023 | D:3      | Reached XP level 6. HP: 14/49 MP: 6/6
  3321 | D:5      | Entered Level 5 of the Dungeon
  3655 | D:5      | Noticed a water moccasin
  3680 | D:5      | HP: 1/49 [poisoned by a water moccasin]
  3681 | D:5      | Succumbed to a water moccasin's poison

Illustrated notes

Levels and vault maps discovered:
D:1:      dpeg_arrival_water_temple_mockup, layout_basic
D:2:      layout_basic, minmay_split_cup_small
D:3:      layout_rooms, grunt_ministairs_7, amcnicky_mini_rare_corridor_liquid,
          uniq_grinder
D:4:      cheibrodos_greedy_goblins, layout_cave_pods
D:5:      layout_loops_corners, nicolae_dithmenos_the_darkroom,
          makhleb_grotto_becter

Skill      XL: |  1  2  3  4 |
---------------+-------------+-----
Long Blades    | 3 4 5 |  5.7
Fighting       | 4 |  4.7
Armour         | |  0.4
Dodging        | |  2.6
Stealth        | |  1.7

Action                   |  1- 3 |  4- 6 || total
-------------------------+-------+-------++-------
Melee: Falchion          |   114 |   167 ||   281
       Unarmed           |       |    13 ||    13
       Punch             |       |     2 ||     2
 Fire: Sling             |     3 |     3 ||     6
Throw: Dart              |       |     4 ||     4
  Use: Potion            |       |     8 ||     8
 Stab: Sleeping          |     2 |       ||     2
Armor: Ring mail         |    39 |    58 ||    97
       Robe              |     5 |       ||     5
       Skin              |       |    53 ||    53
Dodge: Dodged            |    72 |   100 ||   172

Table legend: (Time is in decaauts)
 A = Elapsed time spent in this place.
 B = Non-inter-level travel time spent in this place.
 C = Inter-level travel time spent in this place.
 D = Time resting spent in this place.
 E = Time spent auto-exploring this place.
 F = Levels seen in this place.
 G = Mean time per level.
                   A        B        C        D        E       F      G
               +--------+--------+--------+--------+--------+-----+--------+
         Total |   3705 |   3603 |    102 |    510 |   2284 |   5 |  741.0 |
       Dungeon |   3705 |   3603 |    102 |    510 |   2284 |   5 |  741.0 |
               +--------+--------+--------+--------+--------+-----+--------+

Top non-repeatable levels by time:
     D:2: 1132 daAuts
     D:4: 983 daAuts
     D:1: 702 daAuts
     D:3: 681 daAuts
     D:5: 205 daAuts
